[Event "Team 45 45 League T76"]
[Site "Internet Chess Club"]
[Date "2018.04.01"]
[Round "2"]
[White "filmdirector"]
[Black "zepled37"]
[Result "1-0"]
[WhiteElo "1699"]
[BlackElo "1687"]
[Opening "Ruy Lopez: Anderssen variation"]
[ECO "C77"]
[Time "17:01:47"]
[TimeControl "2700+45"]

1. e4 e5 2. Nf3 Nc6 3. Bb5 a6 4. Ba4 Nf6 5. d3 d6 6. O-O Be7 7. c3 O-O 8. Re1 b5
9. Bc2 h6 10. Nbd2 Re8 11. Nf1 Bf8 12. Ng3 g6 13. a4 Bb7 14. h3 d5 15. exd5 Nxd5
16. d4 exd4 17. Rxe8 Qxe8 18. Nxd4 Nxd4 19. cxd4 Nf6 20. Bf4 Bg7 21. Qd2 Qc6 22.
f3 Kh7 23. Rc1 Qd7 24. Be5 c5 25. Rd1 Rd8 26. Qc3 c4 27. h4 Nd5 28. Qe1 f6 29.
h5 fxe5 30. dxe5 Kh8 31. Qe4 Qe8 32. f4 Bc6 33. Qd4 Rd7 34. Bxg6 Qb8 35. Nf5 Qb6
36. Qxb6 Nxb6 37. Nd6 Bf8 38. Be8 Rc7 39. Bxc6 Rxc6 40. Ne4 Rc7 41. Rd8 Kg7 42.
f5 Rc8 43. Rd1 Nxa4 44. Rd7+ Kh8 45. e6 Nb6 46. Rd1 Re8 47. Nf6 Re7 48. Rd8 Kg7
49. Ne8+ Kg8 50. Kf2 Rc7 51. f6 Rc8 52. e7 Bxe7 53. fxe7 Ra8 54. Nd6+ {Black
resigns} 1-0

[Event "Team 45 45 League T76"]
[Site "Internet Chess Club"]
[Date "2018.04.01"]
[Round "2"]
[White "justice02"]
[Black "anishio"]
[Result "1-0"]
[WhiteElo "1688"]
[BlackElo "1593"]
[Opening "Ruy Lopez: 5.O-O"]
[ECO "C78"]
[Time "22:01:04"]
[TimeControl "2700+45"]

1. e4 e5 2. Nf3 Nc6 3. Bb5 a6 4. Ba4 Nf6 5. O-O b5 6. Bb3 Bc5 7. c3 d6 8. d3 h6
9. a4 Rb8 10. Nbd2 O-O 11. axb5 axb5 12. h3 Be6 13. Bxe6 fxe6 14. Re1 Qe8 15.
Nf1 Nh5 16. Be3 Bxe3 17. Nxe3 Nf4 18. Kh2 Qh5 19. Rg1 Nxh3 20. gxh3 Rxf3 21. Rg3
Rxf2+ 22. Kh1 Qxd1+ 23. Rxd1 Rbf8 24. Rdg1 R8f7 25. Ng4 R2f3 26. Nxh6+ Kf8 27.
Nxf7 Rxg3 28. Rxg3 Kxf7 29. h4 b4 30. h5 bxc3 31. bxc3 Ne7 32. Rf3+ Kg8 33. Kh2
d5 34. Kh3 c6 35. Kh4 c5 36. Kg5 Nc6 37. Kg6 Ne7+ 38. Kg5 Nc6 39. h6 d4 40. cxd4
exd4 41. Rf8+ Kh7 42. Rf7 Ne5 43. Rxg7+ Kh8 44. Kf6 Ng4+ 45. Rxg4 {Black
resigns} 1-0

[Event "Team 45 45 League T76"]
[Site "Internet Chess Club"]
[Date "2018.03.30"]
[Round "2"]
[White "julesraider"]
[Black "Grenadier"]
[Result "1-0"]
[WhiteElo "1490"]
[BlackElo "1592"]
[Opening "Queen's Indian accelerated"]
[ECO "A50"]
[Time "15:01:03"]
[TimeControl "2700+45"]

1. d4 Nf6 2. c4 b6 3. Nc3 e6 4. a3 Bb7 5. Nf3 Be7 6. e3 O-O 7. Be2 c5 8. O-O d5
9. cxd5 Nxd5 10. Nxd5 Bxd5 11. Qc2 Nd7 12. Rd1 Rc8 13. Qa4 Rc7 14. b4 Bc6 15. b5
Bxf3 16. Bxf3 cxd4 17. exd4 Qb8 18. Bf4 e5 19. dxe5 Nc5 20. Qc2 Ne6 21. Qe4 Rfc8
22. Be2 Rc2 23. Bd3 g6 24. Bxc2 Nxf4 25. Rd7 Bg5 26. Bb3 Rf8 27. g3 Qc8 28. gxf4
Qxd7 29. fxg5 Qxb5 30. Bc4 Qb2 31. Rb1 Qd2 32. h4 Rd8 33. e6 fxe6 34. Qxe6+ Kh8
35. Qf6# {Black checkmated} 1-0

[Event "Team 45 45 League T76"]
[Site "Internet Chess Club"]
[Date "2018.03.30"]
[Round "2"]
[White "GoIrish"]
[Black "pokerram"]
[Result "1/2-1/2"]
[WhiteElo "1477"]
[BlackElo "1551"]
[Opening "Réti: King's Indian attack"]
[ECO "A05"]
[Time "07:00:20"]
[TimeControl "2700+45"]

1. Nf3 Nf6 2. g3 g6 3. Bg2 Bg7 4. O-O O-O 5. d3 d5 6. Nbd2 c5 7. e4 Nc6 8. exd5
Nxd5 9. c3 Bg4 10. Ne4 b6 11. h3 Bd7 12. Qc2 Rc8 13. Bg5 h6 14. Bc1 Nf6 15.
Nxf6+ exf6 16. Be3 Ne5 17. Kh2 Bc6 18. Nxe5 fxe5 19. Bxc6 Rxc6 20. Rad1 Qc7 21.
d4 cxd4 22. Bd2 dxc3 23. Bxc3 Re8 24. Qd2 e4 25. Qd7 Qxd7 26. Rxd7 Bxc3 27. bxc3
Rxc3 28. Rxa7 Rc2 29. Kg2 Rd8 30. Re1 Rdd2 31. Rxe4 Rxf2+ 32. Kg1 Rfd2 33. Re1
Rxa2 34. Rae7 Rg2+ 35. Kh1 Rxg3 36. Rf1 Rxh3+ 37. Kg1 f5 38. Rfe1 Ra8 39. R1e6
g5 40. Rg6+ Kf8 41. Rgg7 Ra2 42. Rgf7+ {Game drawn by mutual agreement} 1/2-1/2

[Event "Team 45 45 League T76"]
[Site "Internet Chess Club"]
[Date "2018.04.01"]
[Round "2"]
[White "Goli"]
[Black "nathanpillay"]
[Result "1/2-1/2"]
[WhiteElo "1658"]
[BlackElo "1704"]
[Opening "French: exchange variation"]
[ECO "C01"]
[Time "14:00:28"]
[TimeControl "2700+45"]

1. e4 e6 2. d4 d5 3. exd5 exd5 4. Bd3 Nc6 5. Ne2 Bg4 6. f3 Bh5 7. Nbc3 Bg6 8. a3
Nf6 9. Bg5 Be7 10. Qd2 Bxd3 11. Qxd3 a6 12. O-O h6 13. Bh4 O-O 14. Rfe1 Qd7 15.
Rad1 Rfe8 16. b4 b5 17. Nc1 Nd8 18. Nb3 Ne6 19. Nc5 Nxc5 20. dxc5 c6 21. Ne2 a5
22. Nd4 axb4 23. axb4 g6 24. Re3 Kg7 25. Rde1 Bf8 26. Bxf6+ Kxf6 27. Qe2 Rxe3
28. Qxe3 Kg7 29. Qe5+ Kg8 {Game drawn by mutual agreement} 1/2-1/2

[Event "Team 45 45 League T76"]
[Site "Internet Chess Club"]
[Date "2018.04.01"]
[Round "2"]
[White "Portola"]
[Black "Egmont"]
[Result "1-0"]
[WhiteElo "1720"]
[BlackElo "1635"]
[Opening "Queen's pawn game"]
[ECO "D00"]
[Time "12:00:15"]
[TimeControl "2700+45"]

1. d4 d5 2. c3 Nf6 3. Nf3 c6 4. Bg5 Ne4 5. Bf4 Nd7 6. e3 Ndf6 7. h3 Bf5 8. Nbd2
Nxd2 9. Nxd2 e6 10. Be2 Bd6 11. Bxd6 Qxd6 12. Qb3 O-O 13. O-O b5 14. a4 Rfb8 15.
axb5 cxb5 16. Ra5 a6 17. Rfa1 Ne8 18. Nf3 f6 19. Qa2 Nc7 20. Nd2 Bg6 21. Nb3 Be8
22. Nc5 Rb6 23. Nb3 Bc6 24. Nc5 Be8 25. Nb3 Bc6 26. Nd2 Bb7 27. Qb1 e5 28. dxe5
fxe5 29. Nf3 Qf6 30. Nh2 Rf8 31. Qf1 d4 32. Ng4 Qf5 33. exd4 exd4 34. cxd4 Ne6
35. Bd3 Qd5 36. Ne3 Qxd4 37. Rd1 Qxb2 38. Bb1 Nc5 39. Ra2 Qe5 40. Ng4 Qf4 41.
Rad2 Be4 42. Bxe4 Nxe4 43. Rd3 Nf6 44. Rd4 Qg5 45. Qd3 Nxg4 46. Rxg4 Qf6 47.
Qd5+ Kh8 48. Qd2 a5 49. Rf4 Qe7 50. Qd7 Qc5 51. Qd4 {Black resigns} 1-0

[Event "Team 45 45 League T76"]
[Site "Internet Chess Club"]
[Date "2018.03.31"]
[Round "2"]
[White "AVEMARIA"]
[Black "idjit"]
[Result "1-0"]
[WhiteElo "1586"]
[BlackElo "1532"]
[Opening "French: Chigorin variation"]
[ECO "C00"]
[Time "11:00:21"]
[TimeControl "2700+45"]

1. e4 e6 2. Qe2 c5 3. g3 Nc6 4. c3 d5 5. exd5 Qxd5 6. Nf3 Nf6 7. Bg2 Be7 8. O-O
O-O 9. Na3 Rd8 10. Nc2 Qd3 11. Qxd3 Rxd3 12. Nfe1 Rd8 13. f4 a5 14. d3 Ra6 15.
Na3 Na7 16. Nc4 Nc6 17. h3 b5 18. Na3 b4 19. Nc4 a4 20. Kh2 Bb7 21. Be3 a3 22.
cxb4 axb2 23. Nxb2 cxb4 24. Nf3 Rda8 25. Ne5 Rxa2 26. Rxa2 Rxa2 27. Rf2 Nd5 28.
Nxc6 Bxc6 29. Bxd5 Bxd5 30. Bd4 b3 31. Nd1 Rxf2+ 32. Nxf2 Bf3 33. Bb2 Bf6 34. d4
Kf8 35. Nd3 Ke7 36. Ne5 Kd6 37. Nxf3 {Black resigns} 1-0

[Event "Team 45 45 League T76"]
[Site "Internet Chess Club"]
[Date "2018.03.28"]
[Round "2"]
[White "nosir"]
[Black "tightfist"]
[Result "1-0"]
[WhiteElo "1422"]
[BlackElo "1459"]
[Opening "Queen's pawn: London system"]
[ECO "A45"]
[Time "20:00:18"]
[TimeControl "2700+45"]

1. d4 Nf6 2. Bf4 d5 3. e3 Bd7 4. c3 Nc6 5. Bd3 e6 6. Nd2 Bd6 7. Bg3 O-O 8. Ngf3
Re8 9. Ne5 Nb8 10. f4 c5 11. Bh4 cxd4 12. exd4 Be7 13. Ndf3 Ne4 14. Bxe7 Qxe7
15. Qc2 f5 16. O-O-O Nc6 17. g4 Rac8 18. g5 Nb4 19. Qb3 Nxd3+ 20. Nxd3 b6 21.
Kb1 Rc4 22. Qc2 Ba4 23. b3 Rxc3 24. Qb2 Bb5 25. Nfe5 Rec8 26. Rc1 Bxd3+ 27. Nxd3
Qc7 28. Qe2 Rxb3+ 29. axb3 Nc3+ 30. Rxc3 Qxc3 31. Nb2 Kf7 32. Qd3 Qc7 33. Qd2
Qd6 34. Rc1 Rd8 35. Nd3 Kf8 36. Ne5 Qa3 37. Qc2 Re8 38. Qb2 Qd6 39. Rc6 Qb4 40.
Qc3 Qb5 41. Qc2 Kg8 42. Rc8 a5 43. Rxe8+ Qxe8 44. Qc6 Qxc6 45. Nxc6 Kf7 46. Kc2
h6 47. h4 hxg5 48. hxg5 Kg6 49. Ne7+ Kf7 50. Nc8 Kg6 51. Nxb6 Kh5 52. Kd3 Kg4
53. Ke3 Kg3 54. Nc8 Kg2 55. Nd6 Kf1 56. Nb7 Kg2 57. Nxa5 Kg3 58. b4 Kg4 59. b5
e5 60. Nc6 exf4+ 61. Kf2 Kxg5 62. b6 Kg4 63. b7 f3 64. b8=Q f4 65. Ne5+ Kf5 66.
Qf8+ Ke4 67. Qxg7 Kxd4 68. Nxf3+ Ke4 69. Qg6# {Black checkmated} 1-0

[Event "Team 45 45 League T76"]
[Site "Internet Chess Club"]
[Date "2018.03.29"]
[Round "2"]
[White "Ajolote"]
[Black "PolishRyszard"]
[Result "1/2-1/2"]
[WhiteElo "1762"]
[BlackElo "1764"]
[Opening "King's pawn opening"]
[ECO "B07"]
[Time "12:09:06"]
[TimeControl "2700+45"]

1. e4 d6 2. Nc3 Nf6 3. d4 Nbd7 4. Nge2 e5 5. g3 Be7 6. Bg2 c6 7. O-O O-O 8. h3
Qc7 9. Be3 b5 10. Qd2 Nb6 11. b3 b4 12. Nd1 a5 13. f4 Ba6 14. Nf2 exd4 15. Bxd4
Rac8 16. g4 c5 17. Bb2 c4 18. Bd4 Nfd7 19. Rac1 Rfe8 20. c3 Nc5 21. cxb4 axb4
22. bxc4 Bxc4 23. Rfe1 Ra8 24. Qxb4 Ra4 25. Qc3 Rxa2 26. Ng3 Bf8 27. Nf5 Ne6 28.
Ne3 Rc8 29. Nxc4 Qxc4 30. Qxc4 Nxc4 31. Be3 Rb2 32. f5 Nd8 33. Rc3 Nb6 34. Rxc8
Nxc8 35. Nd3 Rb3 36. Nf4 Ne7 37. Nd5 Ndc6 38. Bf4 Ne5 39. g5 Nxd5 40. exd5 f6
41. gxf6 gxf6 42. Ra1 Be7 43. Ra7 Kf7 {Game drawn by mutual agreement} 1/2-1/2

[Event "Team 45 45 League T76"]
[Site "Internet Chess Club"]
[Date "2018.03.29"]
[Round "2"]
[White "cadmiumorange"]
[Black "JPSVI"]
[Result "1-0"]
[WhiteElo "1846"]
[BlackElo "1426"]
[Opening "Réti: Lisitsin gambit deferred"]
[ECO "A04"]
[Time "14:00:13"]
[TimeControl "2700+45"]

1. Nf3 f5 2. d3 Nf6 3. e4 fxe4 4. dxe4 Nxe4 5. Bd3 d5 6. Bxe4 dxe4 7. Qxd8+ Kxd8
8. Ng5 Ke8 9. Nc3 Bf5 10. Bf4 e5 11. Bxe5 Nd7 12. Bg3 Bb4 13. O-O Bxc3 14. bxc3
h6 15. Nxe4 Bxe4 16. Rfe1 Nf6 17. f3 Kf7 18. fxe4 c6 19. e5 Nh5 20. e6+ Ke7 21.
Bf2 Nf4 22. Bc5+ Ke8 23. Re4 g5 24. Rd1 Rh7 25. g3 Nd5 26. c4 Nc3 27. Red4 Nxd1
28. Rxd1 Rd8 29. Rf1 Re7 30. Rf6 Rd1+ 31. Kg2 Rd2+ 32. Kh3 Rxc2 33. Rxh6 Kd8 34.
Bxe7+ Kxe7 35. Rh7+ Kxe6 36. Rxb7 Rxc4 37. Rxa7 Kf5 38. a4 Rc2 39. g4+ Kf4 40.
Rf7+ Ke4 41. Rf5 Rc3+ 42. Kg2 Rc2+ 43. Rf2 Rc3 44. Ra2 c5 45. a5 c4 46. a6
{Black resigns} 1-0

[Event "Team 45 45 League T76"]
[Site "Internet Chess Club"]
[Date "2018.04.02"]
[Round "2"]
[White "fireball"]
[Black "zethhon"]
[Result "1-0"]
[WhiteElo "1579"]
[BlackElo "1335"]
[Opening "Sicilian: Smith-Morra gambit"]
[ECO "B21"]
[Time "21:00:32"]
[TimeControl "2700+45"]

1. e4 c5 2. d4 cxd4 3. c3 dxc3 4. Nxc3 e6 5. Nf3 Nc6 6. Bc4 d6 7. O-O Nf6 8. Qe2
Be7 9. Rd1 Qc7 10. Bf4 a6 11. Rac1 O-O 12. Bb3 b5 13. Nd5 Qb7 14. Rxc6 exd5 15.
exd5 Bd7 16. Rc3 Rfe8 17. Qd3 Rac8 18. h3 Rc5 19. Be3 Rcc8 20. Bc2 b4 21. Rxc8
Rxc8 22. Ng5 h6 23. Ne4 Bf5 24. Nxf6+ Bxf6 25. Qxf5 Bxb2 26. Bf4 Qc7 27. Ba4 Qc5
28. Bxd6 Qc4 29. Bb3 Qe2 30. Qxc8+ Kh7 31. Qf5+ Kh8 32. Bxb4 {Black resigns} 1-0

[Event "Team 45 45 League T76"]
[Site "Internet Chess Club"]
[Date "2018.03.31"]
[Round "2"]
[White "herrahuu"]
[Black "nidusin2"]
[Result "1-0"]
[WhiteElo "1460"]
[BlackElo "1484"]
[Opening "King's pawn opening"]
[ECO "B07"]
[Time "09:01:39"]
[TimeControl "2700+45"]

1. e4 d6 2. Nc3 Nf6 3. f4 e5 4. d3 Nc6 5. Nf3 Be7 6. Be2 Bg4 7. O-O Nh5 8. Nxe5
Bxe2 9. Nxc6 Bxd1 10. Nxd8 Bxc2 11. Nxb7 Bxd3 12. Rd1 Ba6 13. Na5 Nf6 14. Be3
Kd7 15. e5 Ng4 16. Bc5 Ke6 17. exd6 cxd6 18. Re1+ Kd7 19. Rad1 Nf6 20. h3 Rhe8
21. Kh2 Kc7 22. Rxe7+ Rxe7 23. Bxd6+ Kd7 24. Bxe7+ Kxe7 25. Nc6+ Ke8 26. Re1+
Kf8 27. g4 Bc4 28. a3 Nd5 29. Nxd5 Bxd5 30. Nb4 Bb7 31. Kg3 Rd8 32. Re2 a5 33.
Na2 f6 34. Nc3 Rd3+ 35. Kh2 Kf7 36. Na4 Bc6 37. Nc5 Bd5 38. Nxd3 {Black resigns}
1-0

[Event "Team 45 45 League T76"]
[Site "Internet Chess Club"]
[Date "2018.03.30"]
[Round "2"]
[White "scostanzo212"]
[Black "Constrictor"]
[Result "1-0"]
[WhiteElo "1491"]
[BlackElo "1551"]
[Opening "QGD Slav: Dutch variation"]
[ECO "D18"]
[Time "20:01:21"]
[TimeControl "2700+45"]

1. d4 c6 2. c4 d5 3. Nf3 Nf6 4. Nc3 dxc4 5. a4 Bf5 6. e3 e6 7. Bxc4 Bb4 8. O-O
Nbd7 9. Qb3 Bxc3 10. bxc3 Qc7 11. Nh4 Ng4 12. g3 O-O 13. Nxf5 exf5 14. Bd3 g6
15. f3 Ngf6 16. e4 fxe4 17. fxe4 Rae8 18. Bf4 Qb6 19. Qxb6 axb6 20. Bh6 Nxe4 21.
Bxe4 Rxe4 22. Bxf8 Nxf8 23. Rae1 Rxe1 24. Rxe1 Ne6 25. Rb1 Kf8 26. Rxb6 Nd8 27.
Kf2 Ke7 28. Ke3 Kd6 29. c4 Kc7 30. Rb1 Kd6 31. g4 Ke6 32. Kf4 h6 33. h4 Kd6 34.
Ke4 Ke6 35. Rf1 Kd6 36. Rf6+ Ke7 37. g5 hxg5 38. hxg5 Ne6 39. Rxe6+ Kxe6 40. d5+
cxd5+ 41. cxd5+ Kd6 42. a5 Ke7 43. Ke5 Kd7 44. Kf6 {Black resigns} 1-0

[Event "Team 45 45 League T76"]
[Site "Internet Chess Club"]
[Date "2018.04.02"]
[Round "2"]
[White "Arthurhon"]
[Black "Gilguli"]
[Result "0-1"]
[WhiteElo "1397"]
[BlackElo "1410"]
[Opening "Queen's bishop game"]
[ECO "D02"]
[Time "01:01:00"]
[TimeControl "2700+45"]

1. d4 d5 2. Nf3 Nf6 3. Bf4 Nc6 4. e3 Nh5 5. Bg5 h6 6. Bh4 g5 7. Bg3 Bg7 8. Bd3
Bg4 9. Nbd2 Nxg3 10. hxg3 e5 11. Be2 exd4 12. Nxd4 Bxe2 13. Qxe2 Qf6 14. N2b3
O-O 15. O-O Rae8 16. Qb5 Nxd4 17. Nxd4 b6 18. Qxd5 c5 19. Nf5 Re5 20. Nxh6+ Qxh6
21. Qb3 g4 22. Rfd1 Rh5 23. Kf1 Qf6 24. Rd7 Rh1+ 25. Ke2 Rxa1 26. Rxa7 Qxb2 27.
Qc4 Rc1 28. Qxg4 Qxc2+ 29. Kf3 Qd1+ 30. Kf4 Rc4+ 31. Kg5 Qxg4# {White
checkmated} 0-1

[Event "Team 45 45 League T76"]
[Site "Internet Chess Club"]
[Date "2018.03.30"]
[Round "2"]
[White "HomerSimpson"]
[Black "MovingDutchman"]
[Result "0-1"]
[WhiteElo "1973"]
[BlackElo "2064"]
[Opening "Queen's pawn: London system"]
[ECO "A45"]
[Time "12:00:48"]
[TimeControl "2700+45"]

1. d4 Nf6 2. Bf4 g6 3. Nc3 d5 4. e3 Bg7 5. h4 h5 6. Nf3 Bg4 7. Be2 Nc6 8. Ne5
Bxe2 9. Qxe2 Nxe5 10. Bxe5 a6 11. f3 Qd7 12. O-O-O O-O-O 13. e4 e6 14. Kb1 Rhg8
15. Rhe1 Kb8 16. a3 Qc6 17. Na2 dxe4 18. Nb4 Qb6 19. fxe4 Nd7 20. Bxg7 Rxg7 21.
d5 Rgg8 22. e5 Nc5 23. Qc4 Rge8 24. dxe6 Nxe6 25. Nd5 Qf2 26. Nf6 Rxd1+ 27. Rxd1
Rd8 28. Rxd8+ Nxd8 29. Qd5 Qf1+ 30. Ka2 Ne6 31. b3 Qf2 32. Kb2 Qxh4 33. Qd7 Qd4+
34. Qxd4 Nxd4 35. Kc3 Ne6 36. g3 c6 37. Ne4 Kc7 38. Nd6 f5 39. b4 Ng5 40. Kd3 b6
41. c4 Kd7 42. a4 Ke6 43. Nc8 b5 44. cxb5 cxb5 45. axb5 axb5 46. Na7 Kxe5 47.
Nxb5 Ne4 48. g4 hxg4 49. Nd4 Nd6 50. b5 g3 51. b6 f4 52. Nc6+ Ke6 53. Ke2 g5 54.
Nd8+ Kf5 55. b7 Nxb7 56. Nxb7 Kg4 57. Nc5 f3+ 58. Ke3 g2 59. Kf2 Kh3 60. Kg1 f2+
61. Kxf2 Kh2 {White resigns} 0-1

[Event "Team 45 45 League T76"]
[Site "Internet Chess Club"]
[Date "2018.03.29"]
[Round "2"]
[White "texasnurse"]
[Black "The7thGuest"]
[Result "1-0"]
[WhiteElo "2100"]
[BlackElo "1848"]
[Opening "Caro-Kann: anti-anti-Caro-Kann defense"]
[ECO "B10"]
[Time "13:01:16"]
[TimeControl "2700+45"]

1. e4 c6 2. c4 d5 3. exd5 cxd5 4. cxd5 Nf6 5. Bb5+ Bd7 6. Be2 Nxd5 7. Nf3 Nf4 8.
d4 Nxe2 9. Qxe2 Bc6 10. O-O e6 11. Nc3 Be7 12. Bf4 O-O 13. Rfd1 Bf6 14. Ne5 Bd5
15. Rac1 Nc6 16. Qb5 Ne7 17. Nd7 Bc6 18. Nxf6+ gxf6 19. Qh5 Ng6 20. d5 exd5 21.
Nxd5 Bxd5 22. Bc7 Qd7 23. Rxd5 Qa4 24. Qh6 Rfc8 25. h3 Qxa2 26. Rh5 Qxb2 27.
Qxh7+ Kf8 28. Bd6+ Ke8 29. Qg8+ Kd7 30. Qxf7+ Kxd6 31. Rd5# {Black checkmated}
1-0

[Event "Team 45 45 League T76"]
[Site "Internet Chess Club"]
[Date "2018.03.31"]
[Round "2"]
[White "Sloggi"]
[Black "cool64chess"]
[Result "1/2-1/2"]
[WhiteElo "1859"]
[BlackElo "2005"]
[Opening "Levitsky attack (Queen's bishop attack)"]
[ECO "D00"]
[Time "23:00:56"]
[TimeControl "2700+45"]

1. d4 d5 2. Bg5 Nf6 3. Bxf6 exf6 4. e3 c6 5. c4 Bb4+ 6. Nc3 Be6 7. Qb3 Qe7 8.
Bd3 Nd7 9. Ne2 O-O 10. O-O dxc4 11. Bxc4 Bf5 12. Ng3 Bg6 13. Rad1 Bd6 14. Rfe1
Bxg3 15. hxg3 Nb6 16. Be2 Qe6 17. Qb4 Rfd8 18. Bf3 Qc4 19. Qxc4 Nxc4 20. Be4
Nxb2 21. Rb1 Na4 22. Nxa4 Bxe4 23. Rxb7 Rdb8 24. Nc5 Rxb7 25. Nxb7 Rb8 26. Nc5
Bd5 27. a4 f5 28. Rc1 f6 29. a5 Rb5 30. a6 Rb6 31. f3 h6 32. Rc2 Kh7 33. Kf2 Kg6
34. e4 fxe4 35. fxe4 Bg8 36. Nd7 Rb4 37. Ke3 Bc4 38. Nb8 Rb3+ 39. Kf4 Bd3 40.
Rd2 Bxe4 {Game drawn by mutual agreement} 1/2-1/2

[Event "Team 45 45 League T76"]
[Site "Internet Chess Club"]
[Date "2018.03.29"]
[Round "2"]
[White "justice02"]
[Black "backrankbrawler"]
[Result "0-1"]
[WhiteElo "1675"]
[BlackElo "1727"]
[Opening "French: Schlechter variation"]
[ECO "C01"]
[Time "21:31:02"]
[TimeControl "2700+45"]

1. e4 e6 2. d4 d5 3. Bd3 dxe4 4. Bxe4 Nf6 5. Bd3 c5 6. Nf3 cxd4 7. Nxd4 Bc5 8.
Nf3 O-O 9. O-O b6 10. h3 Bb7 11. c3 Qc7 12. Qe2 Nbd7 13. Bg5 h6 14. Bh4 Nh5 15.
b4 Bd6 16. Rd1 Nf4 17. Qc2 Nxh3+ 18. Kf1 Bxf3 19. gxf3 g5 20. Be4 Rad8 21. Na3
a6 22. Bh7+ Kg7 23. Rd4 b5 24. Rad1 Nf6 25. Bd3 Be5 26. Bg3 Bxg3 27. fxg3 Qxg3
28. Qg2 Qxg2+ 29. Kxg2 Rxd4 30. cxd4 Nf4+ 31. Kg3 Rc8 32. Bb1 Rc3 33. Nc2 Ne4+
34. Kh2 Rxf3 35. Ne1 Rf2+ 36. Kg1 Ne2+ {White resigns} 0-1

[Event "Team 45 45 League T76"]
[Site "Internet Chess Club"]
[Date "2018.03.30"]
[Round "2"]
[White "searchforbobby1"]
[Black "primerpaso"]
[Result "1-0"]
[WhiteElo "2026"]
[BlackElo "1883"]
[Opening "Sicilian: closed"]
[ECO "B24"]
[Time "20:34:43"]
[TimeControl "2700+45"]

1. e4 c5 2. Nc3 Nc6 3. g3 g6 4. Bg2 Bg7 5. d3 e6 6. Be3 b6 7. Qd2 Bb7 8. Nh3
Nge7 9. O-O O-O 10. Bh6 d5 11. Bxg7 Kxg7 12. Rae1 dxe4 13. Nxe4 Nd5 14. f4 Qd7
15. Nhf2 Rae8 16. h4 f5 17. Nc3 Nxc3 18. bxc3 e5 19. Re2 exf4 20. Rxe8 Rxe8 21.
Qxf4 Re2 22. Bf3 Re7 23. Nd1 Ne5 24. Bxb7 Qxb7 25. Ne3 Nd7 26. Qg5 Rf7 27. Rxf5
Nf6 28. Rf4 Nh5 29. Nf5+ {Black resigns} 1-0

[Event "Team 45 45 League T76"]
[Site "Internet Chess Club"]
[Date "2018.04.02"]
[Round "2"]
[White "ANGELLR"]
[Black "SlimeDog2"]
[Result "0-1"]
[WhiteElo "1872"]
[BlackElo "2013"]
[Opening "Queen's pawn: London system"]
[ECO "A45"]
[Time "21:22:51"]
[TimeControl "2700+45"]

1. d4 Nf6 2. Bf4 g6 3. e3 Bg7 4. c4 c5 5. Nc3 cxd4 6. exd4 O-O 7. Nf3 d5 8. c5
Nc6 9. Be2 Ne4 10. O-O Bg4 11. h3 Bxf3 12. Bxf3 Nxd4 13. Bxe4 dxe4 14. Nxe4 Qd5
15. Re1 e5 16. Bh2 f5 17. Nc3 Qxc5 18. Rc1 Rad8 19. Na4 Qe7 20. Qd3 f4 21. f3
Rf7 22. Nc5 Nf5 23. Qe2 Ne3 24. Kh1 Bf6 25. Bg1 Bh4 26. Bf2 Bxf2 27. Qxf2 Rc8
28. Ne4 Rff8 29. Qd2 Kg7 30. Rc3 Rfd8 31. Qc1 Qe6 32. Ng5 Qd7 33. Rc5 b6 34. Rc3
b5 35. b3 Nxg2 36. Rc7 Rxc7 37. Qxc7 Qxc7 38. Ne6+ Kf6 39. Nxc7 Nxe1 {White
resigns} 0-1

[Event "Team 45 45 League T76"]
[Site "Internet Chess Club"]
[Date "2018.03.28"]
[Round "2"]
[White "ChessHouston"]
[Black "VictorRed"]
[Result "1/2-1/2"]
[WhiteElo "1740"]
[BlackElo "1736"]
[Opening "Sicilian: Taimanov variation"]
[ECO "B45"]
[Time "20:14:27"]
[TimeControl "2700+45"]

1. e4 c5 2. Nf3 Nc6 3. d4 cxd4 4. Nxd4 e6 5. Nc3 Bb4 6. Nb5 Nf6 7. a3 Bxc3+ 8.
Nxc3 O-O 9. Bc4 a6 10. b4 Nxe4 11. Nxe4 d5 12. Bd3 dxe4 13. Bxe4 Qxd1+ 14. Kxd1
Rd8+ 15. Bd2 Ne5 16. Ke2 f5 17. Bc3 fxe4 18. Bxe5 b5 {Game drawn by mutual
agreement} 1/2-1/2

[Event "Team 45 45 League T76"]
[Site "Internet Chess Club"]
[Date "2018.03.29"]
[Round "2"]
[White "Heian"]
[Black "cysk"]
[Result "0-1"]
[WhiteElo "1668"]
[BlackElo "1758"]
[Opening "Scandinavian (center counter) defense"]
[ECO "B01"]
[Time "22:05:14"]
[TimeControl "2700+45"]

1. e4 d5 2. Nc3 d4 3. Nce2 e5 4. Ng3 Be6 5. Bb5+ c6 6. Ba4 Na6 7. Nf3 Nc5 8. Bb3
Nxb3 9. axb3 Bd6 10. d3 Nf6 11. h3 O-O 12. Ng5 Bd7 13. O-O Re8 14. Nh5 h6 15.
Nxf6+ Qxf6 16. Nf3 b5 17. Nh2 Qg6 18. Kh1 f5 19. exf5 Bxf5 20. Qf3 e4 21. Qd1
exd3 22. c3 dxc3 23. bxc3 b4 24. c4 Bc5 25. g4 Be4+ 26. f3 d2 27. fxe4 Qxe4+ 28.
Qf3 Qxf3+ 29. Nxf3 dxc1=Q 30. Raxc1 Re3 31. Rb1 Rd8 32. h4 Rdd3 33. Kg2 Rxb3 34.
Rxb3 Rxb3 35. h5 Rb2+ 36. Kh1 Rf2 37. Rxf2 Bxf2 38. Kg2 Be3 39. Ne5 b3 40. Nd3
a5 41. Kf3 Bd4 42. Ke4 b2 43. Nxb2 Bxb2 44. Kd3 {White resigns} 0-1

[Event "Team 45 45 League T76"]
[Site "Internet Chess Club"]
[Date "2018.04.02"]
[Round "2"]
[White "cool64chess"]
[Black "jorobo"]
[Result "1/2-1/2"]
[WhiteElo "2004"]
[BlackElo "1954"]
[Opening "Nimzo-Indian: Kmoch variation"]
[ECO "E24"]
[Time "21:03:28"]
[TimeControl "2700+45"]

1. d4 Nf6 2. c4 e6 3. Nc3 Bb4 4. f3 c5 5. a3 Bxc3+ 6. bxc3 Nc6 7. e4 d6 8. Be3
b6 9. Bd3 Na5 10. f4 e5 11. fxe5 dxe5 12. dxe5 Nxe4 13. Nf3 Bb7 14. O-O O-O 15.
Qc2 f5 16. exf6 Nxf6 17. Bg5 Qc7 18. Bxf6 gxf6 19. Rae1 Rae8 20. Nh4 Rxe1 21.
Rxe1 Nc6 22. Re6 Ne5 23. Nf5 Qd7 24. Ne7+ Kf7 25. Bf5 Qxe6 26. Bxe6+ Kxe6 27.
Nd5 Rf7 28. Qe4 Kd6 29. Qe2 {Game drawn by mutual agreement} 1/2-1/2

[Event "Team 45 45 League T76"]
[Site "Internet Chess Club"]
[Date "2018.03.30"]
[Round "2"]
[White "misuc56"]
[Black "A4-H5"]
[Result "0-1"]
[WhiteElo "1513"]
[BlackElo "1743"]
[Opening "King's Indian defense, 3.Nc3"]
[ECO "E61"]
[Time "15:01:24"]
[TimeControl "2700+45"]

1. d4 Nf6 2. c4 g6 3. Nc3 Bg7 4. e3 O-O 5. Bd2 d6 6. Bd3 e5 7. d5 Na6 8. Bc2 Nb4
9. a3 Nxc2+ 10. Qxc2 c6 11. e4 cxd5 12. cxd5 Nh5 13. Qc1 f5 14. Nf3 fxe4 15.
Nxe4 Bf5 16. Bg5 Qa5+ 17. Qd2 Qa6 18. Nc3 Bg4 19. Qe2 Qxe2+ 20. Kxe2 e4 21. Nxe4
Rae8 22. Ke3 h6 23. Bh4 Nf4 24. Rhg1 Nxd5+ 25. Kd3 Bxf3 26. gxf3 Rxf3+ 27. Ke2
Rf4 28. f3 Rxh4 29. Rxg6 Nf4+ 30. Ke3 Nxg6 31. Rd1 Be5 32. Rh1 Bxb2 33. Rb1
Rhxe4+ 34. fxe4 Bxa3 35. Rxb7 Bc5+ 36. Kf3 Re7 37. Rb8+ Kf7 38. Rb1 Ke6 39. Rg1
Rf7+ 40. Ke2 Bxg1 {White resigns} 0-1

[Event "Team 45 45 League T76"]
[Site "Internet Chess Club"]
[Date "2018.04.02"]
[Round "2"]
[White "kllrchris"]
[Black "kidcobra"]
[Result "0-1"]
[WhiteElo "1678"]
[BlackElo "1795"]
[Opening "Two knights defense (Modern bishop's opening)"]
[ECO "C55"]
[Time "19:15:37"]
[TimeControl "2700+45"]

1. e4 e5 2. Nf3 Nc6 3. Bc4 Nf6 4. d3 h6 5. O-O Bc5 6. c3 d6 7. Nbd2 Bg4 8. h3
Bh5 9. Re1 O-O 10. Nf1 Nd7 11. g4 Bg6 12. b4 Bb6 13. Ng3 Nf6 14. a4 a6 15. Kg2
d5 16. exd5 Nxd5 17. Nf5 Bxf5 18. gxf5 Nxc3 19. Qb3 Nd4 20. Nxd4 exd4 21. Bf4
Qf6 22. a5 Ba7 23. Re5 c6 24. Kh2 Bb8 {White resigns} 0-1